 Dungeon Crawl Stone Soup version 0.30-a0-845-g7c6808c8ce (webtiles) character file.

Game seed: 9800092747147778379

187 Lobster4 the Ruffian (level 5, -3/49 HPs)
             Began as a Troll Gladiator on Mar 2, 2023.
             Killed from afar by an orc wizard (6 damage)
             ... with a puff of flame
             ... on level 3 of the Dungeon.
             The game lasted 00:04:27 (1742 turns).

Lobster4 the Ruffian (Troll Gladiator)              Turns: 1742, Time: 00:04:28

Health: -3/49      AC:  4    Str: 19 (22) XL:     5   Next: 39%
Magic:  4/4        EV: 10    Int:  5 (6)  God:
Gold:   279        SH:  0    Dex:  8 (11) Spells: 5/5 levels left

rFire   . . .      SeeInvis .      - Unarmed
rCold   . . .      Faith    .    (no shield)
rNeg    . . .      Spirit   .    a - +0 robe
rPois   .          Reflect  .    b - +0 hat
rElec   .          Rampage  .    (no cloak)
rCorr   .                        (gloves unavailable)
Will    .....                    (boots unavailable)
Stlth   +                        (no amulet)
HPRegen 1.08/turn                (no ring)
MPRegen 0.09/turn                (no ring)

@: mighty, flying
A: large, unfitting armour, claws 3, regeneration 1, shaggy fur 1, tough skin 1
a: no special abilities


You were on level 3 of the Dungeon.
You visited 1 branch of the dungeon, and saw 3 of its levels.

You collected 279 gold pieces.

Inventory:

Hand Weapons
 k - a +0 mace
 q - a +1 sling
Missiles
 c - 4 throwing nets
 d - a large rock
 e - 4 boomerangs (quivered)
Armour
 a - a +0 robe (worn)
 b - a +0 hat (worn)
Magical Staves
 g - a staff of earth
Scrolls
 i - 4 scrolls of identify
 m - a scroll of enchant weapon
Potions
 j - 2 potions of degeneration
 n - a potion of magic


   Skills:
 + Level 2.1 Fighting
 + Level 1.3 Maces & Flails
 + Level 2.4 Throwing
 + Level 1.1 Armour
 + Level 2.9 Dodging
 + Level 3.6 Unarmed Combat
 + Level 0.5 Spellcasting
 + Level 1.1 Earth Magic
 + Level 0.7 Evocations


You had 5 spell levels left.
You didn't know any spells.
Your spell library contained the following spells:

 Spells                   Type           Power      Damage    Failure   Level
 Lesser Beckoning         Tloc           0%         N/A       61%         2
 Gell's Gravitas          Tloc           0%         N/A       83%         3
 Teleport Other           Tloc           0%         N/A       83%         3
 Tukima's Dance           Hex            0%         N/A       83%         3
 Passage of Golubria      Tloc           0%         N/A       99%         4
 Yara's Violent Unravell  Hex/Tmut       0%         3d3       100%        5


Dungeon Overview and Level Annotations

Branches:
Dungeon (3/15)

Altars:


Innate Abilities, Weirdness & Mutations

You are too large for most types of armour.
You have claws for hands.
Your natural rate of healing is unusually fast.
You are covered in fur. (AC +1)
You have tough skin. (AC +1)


Message History

The orc wizard closely misses you. The orc wizard barely misses you.
The orc priest hits you with a +0 dagger.
* * * LOW HITPOINT WARNING * * *
You barely miss the orc priest.
The orc wizard hits you but does no damage.
The orc wizard closely misses you. The orc priest barely misses you.
You barely miss the orc priest. Your claw misses the orc priest.
The orc wizard hits you with a +0 dagger.
* * * LOW HITPOINT WARNING * * *
The orc wizard hits you with a +0 dagger.
* * * LOW HITPOINT WARNING * * *
The orc priest hits you with a +0 dagger.
* * * LOW HITPOINT WARNING * * *
You barely miss the orc priest.
The orc wizard hits you but does no damage.
The orc wizard hits you with a +0 dagger.
* * * LOW HITPOINT WARNING * * *
The orc priest barely misses you.
Okay, then.
You claw the orc priest!
The orc priest is heavily wounded.
The orc wizard hits you but does no damage. x2
The orc priest hits you with a +0 dagger.
* * * LOW HITPOINT WARNING * * *
You claw the orc priest!
You kill the orc priest!
The orc wizard gestures at you while chanting.
The puff of flame misses you.
The puff of flame hits the frilled lizard!
The frilled lizard dies!
You feel your intelligence returning.
You scratch the orc wizard.
The orc wizard is moderately wounded.
The orc wizard hits you with a +0 dagger.
* * * LOW HITPOINT WARNING * * *
You claw the orc!
You kill the orc!
The orc wizard casts a spell at you. The puff of flame hits you.
You die...

.....#.#.......... .
#'#.##°○°§§§☼§§...
..######...#☼§§☼#§§○○....
...........#§#○§☼☼§§.....
............§☼§°☼☼§......
.............○☼○§§.......
.###...##..#.§o§..#.....
#......+§§§#§#)##○#○§°..
........+##°☼†)@o○☼§☼☼§ .
..........#○#§§○○##§○°§
..........§§☼§§§§# ..)§..
........§☼°☼○§°○☼# ##...#
........○§§#§§°○§# +###
##...###+#.§§§§§§§. .
.☼§°☼§°☼§. .☼○§§§#§°☼☼
......#....


You could see 2 orc wizards.

Vanquished Creatures
  2 orc priests
  A gnoll (D:2)
  5 adders (D:2)
  2 worms (D:2)
  4 dart slugs
  An orc (D:3)
  4 endoplasms
  15 giant cockroaches
  7 goblins
  A hobgoblin (D:2)
  A quokka (D:1)
  6 ball pythons
  A bat (D:2)
  2 frilled lizards (D:2)
  4 kobolds
  6 rats
62 creatures vanquished.

Vanquished Creatures (others)
  A frilled lizard (D:3)
1 creature vanquished.

Grand Total: 63 creatures vanquished

Notes
Turn   | Place    | Note
-------+----------+-------------------------------------------
     0 | D:1      | Lobster4 the Troll Gladiator began the quest for the Orb.
     0 | D:1      | Reached XP level 1. HP: 19/19 MP: 0/0
    93 | D:1      | Reached XP level 2. HP: 28/28 MP: 1/1
   611 | D:1      | Reached XP level 3. HP: 35/35 MP: 2/2
   684 | D:2      | Found a faded altar of an unknown god.
   800 | D:2      | Noticed a great orb of eyes
   832 | D:2      | Noticed a floating eye
   832 | D:2      | Noticed a great orb of eyes
   832 | D:2      | Noticed a floating eye
   876 | D:2      | Reached skill level 1 in Maces & Flails
   928 | D:2      | Reached XP level 4. HP: 42/42 MP: 3/3
  1593 | D:2      | Reached skill level 1 in Armour
  1687 | D:2      | Reached skill level 1 in Earth Magic
  1687 | D:2      | Reached XP level 5. HP: 49/49 MP: 4/4
  1737 | D:3      | HP: 2/49 [orc priest/+0 dagger (1)]
  1742 | D:3      | Killed from afar by an orc wizard

Illustrated notes

Levels and vault maps discovered:
D:1:      minmay_arrival_glassed_features, layout_basic
D:2:      minmay_roachtagon, layout_basic,
          hellmonk_ecumenical_altar_watching_god, hex_medium,
          minmay_three_crescents
D:3:      layout_basic, uniq_sigmund, uniq_crazy_yiuf_cottage, uniq_jessica

Skill      XL: |  1  2  3  4 |
---------------+-------------+-----
Throwing       | 2 |  2.4
Maces & Flails | 1 |  1.3
Fighting       | 2 |  2.1
Armour         | 1 |  1.1
Earth Magic    | 1 |  1.1
Dodging        | |  2.9
Unarmed Combat | |  3.6
Spellcasting   | |  0.5
Evocations     | |  0.7

Action                     |  1- 3 |  4- 6 || total
---------------------------+-------+-------++-------
  Melee: Unarmed           |    69 |    90 ||   159
         Punch             |     2 |     4 ||     6
  Throw: Boomerang         |    12 |     4 ||    16
    Use: Potion            |       |     4 ||     4
         Scroll            |       |     3 ||     3
   Stab: Sleeping          |       |     1 ||     1
 Armour: Robe              |    22 |    48 ||    70
  Dodge: Dodged            |    26 |    76 ||   102

Table legend: (Time is in decaauts)
 A = Elapsed time spent in this place.
 B = Non-inter-level travel time spent in this place.
 C = Inter-level travel time spent in this place.
 D = Time resting spent in this place.
 E = Time spent auto-exploring this place.
 F = Levels seen in this place.
 G = Mean time per level.
                   A        B        C        D        E       F      G
               +--------+--------+--------+--------+--------+-----+--------+
         Total |   1736 |   1643 |     93 |      0 |   1256 |   3 |  578.7 |
       Dungeon |   1736 |   1643 |     93 |      0 |   1256 |   3 |  578.7 |
               +--------+--------+--------+--------+--------+-----+--------+

Top non-repeatable levels by time:
     D:2: 967 daAuts
     D:1: 717 daAuts
     D:3: 51 daAuts
